Map: Ruins of Seras

Players

Saadistic

  • Race: Protoss Protoss
  • League: Platinum

Moccaneger - Winner!

  • Race: Zerg Zerg

VOD

Have the link to the VOD?

Description

Time

  • Played on: Nov. 18, 2015, 1:35 a.m.
  • Length: 11:00
Show
View Real Time Build Order
Export as new Build Order

Saadistic Protoss 

Build Orders:  

Get SALT Encoding   

  12  0:01  Probe (Chrono Boost)  
  13  0:14  Pylon  
  13  0:18  Probe (Chrono Boost)  
  14  0:29  Probe (Chrono Boost)  
  15  0:39  Probe (Chrono Boost)  
  16  0:43  Gateway  
  17  0:50  Probe (Chrono Boost)  
  17  0:51  Assimilator  
  17  1:00  Probe (Chrono Boost)  
  17  1:02  Assimilator  
  18  1:11  Probe (Chrono Boost)  
  19  1:18  Pylon  
  19  1:21  Probe (Chrono Boost)  
  20  1:31  Cybernetics Core  
  20  1:32  Probe (Chrono Boost)  
  21  1:44  Probe (Chrono Boost)  
  22  1:47  Zealot (Chrono Boost)  
  24  1:54  Probe (Chrono Boost)  
  25  2:06  Probe  
  25  2:08  Warp Gate (Chrono Boost)  
  26  2:17  Stalker  
  26  2:18  Mothership Core  
  30  2:23  Pylon  
  30  2:42  Probe  
  31  2:54  Adept  
  31  2:58  Nexus  
  33  3:01  Pylon  
  33  3:05  Probe  
  34  3:15  Pylon  
  34  3:18  Probe  
  35  3:23  Adept  
  37  3:30  Probe  
  38  3:39  Pylon  
  38  3:42  Probe  
  38  3:47  Gateway  
  39  3:49  Gateway  
  39  3:54  Probe  
  40  3:59  Adept  
  42  4:06  Probe  
  42  4:15  Probe (Chrono Boost)  
  43  4:18  Probe (Chrono Boost)  
  44  4:25  Robotics Facility  
  44  4:27  Probe (Chrono Boost)  
  44  4:29  Sentry  
  44  4:30  Probe (Chrono Boost)  
  48  4:38  Probe (Chrono Boost)  
  49  4:41  Probe (Chrono Boost)  
  49  4:43  Assimilator  
  50  4:46  Assimilator  
  50  4:49  Probe (Chrono Boost)  
  50  4:50  Sentry x2  
  50  4:52  Sentry, Probe (Chrono Boost)  
  58  4:59  Probe (Chrono Boost)  
  59  5:02  Probe (Chrono Boost)  
  60  5:10  Probe (Chrono Boost)  
  60  5:13  Probe (Chrono Boost)  
  62  5:16  Adept x2  
  62  5:17  Adept  
  62  5:19  Probe (Chrono Boost), Observer (Chrono Boost)  
  70  5:23  Probe  
  71  5:29  Probe, Pylon  
  72  5:35  Probe  
  72  5:39  Probe  
  74  5:44  Immortal (Chrono Boost)  
  74  5:48  Probe  
  79  5:58  Pylon  
  79  5:59  Pylon  
  79  6:15  Probe  
  79  6:17  Probe  
  81  6:18  Robotics Bay  
  81  6:25  Nexus  
  81  6:26  Stalker x3, Probe  
  81  6:29  Probe  
  88  6:34  Immortal (Chrono Boost)  
  88  6:37  Probe  
  93  6:41  Probe  
  93  6:46  Forge  
  94  6:47  Probe  
  94  6:48  Forge  
  94  6:53  Probe  
  96  6:54  Stalker x3  
  96  7:00  Pylon  
  102  7:04  Pylon  
  102  7:17  Probe  
  102  7:18  Probe, Disruptor (Chrono Boost)  
  102  7:20  Protoss Ground Weapons Level 1 (Chrono Boost), Protoss Ground Armor Level 1 (Chrono Boost)  
  108  7:30  Probe x2  
  108  7:33  Adept x3, Robotics Facility  
  115  7:42  Probe x2  
  117  7:52  Assimilator  
  117  7:54  Probe x2  
  117  7:55  Pylon, Assimilator  
  119  8:00  Disruptor  
  122  8:06  Probe x2  
  124  8:18  Probe x2  
  126  8:22  Disruptor  
  128  8:30  Probe  
  128  8:36  Disruptor  
  128  8:37  Probe  
  128  8:40  Gateway  
  132  8:42  Probe  
  132  8:43  Gateway  
  133  8:49  Probe  
  133  8:54  Twilight Council, Probe  
  135  8:55  Pylon  
  135  8:57  Pylon  
  135  8:58  Disruptor  
  135  9:00  Pylon  
  135  9:01  Probe  
  139  9:04  Gateway  
  139  9:06  Probe  
  140  9:13  Probe, Disruptor  
  144  9:18  Probe  
  144  9:19  Stalker x2  
  144  9:21  Stalker  
  144  9:22  Nexus  
  151  9:24  Assimilator  
  151  9:25  Probe  
  151  9:28  Assimilator  
  152  9:31  Pylon  
  152  9:32  Pylon  
  109  9:52  Zealot x4  
  95  9:53  Zealot  
  95  10:01  Probe x2  
  95  10:03  Observer x2  
  99  10:13  Probe x2  
  101  10:25  Probe  
  101  10:27  Zealot x5  
  108  10:30  Observer x2  
  108  10:34  Probe  
  110  10:35  Probe  
  106  10:47  Zealot x3  
  106  10:48  Zealot x3  
Show
View Real Time Build Order
Export as new Build Order

Moccaneger Zerg - Winner!

Build Orders: Hatch First 

Get SALT Encoding   

  12  0:02  Drone  
  13  0:09  Drone  
  14  0:17  Overlord  
  14  0:24  Extractor  
  14  0:25  Drone  
  15  0:36  Drone x2  
  17  0:46  Drone  
  18  1:02  Hatchery  
  18  1:03  Drone  
  18  1:06  Extractor  
  18  1:11  Drone  
  18  1:21  Spawning Pool  
  18  1:23  Drone  
  18  1:32  Drone  
  19  1:39  Drone  
  20  1:50  Overlord  
  20  2:08  Metabolic Boost  
  20  2:14  Queen  
  20  2:15  Queen  
  24  2:16  Zergling x6  
  24  2:22  Drone  
  28  2:27  Drone  
  29  2:48  Drone  
  29  2:50  Drone x3, Queen  
  35  2:55  Drone  
  36  2:58  Overlord  
  35  3:17  Hatchery  
  35  3:18  Drone  
  35  3:19  Drone, Overlord  
  36  3:21  Drone  
  37  3:27  Drone x2  
  37  3:30  Drone  
  37  3:31  Drone  
  41  3:45  Drone  
  41  3:48  Drone x2  
  44  3:51  Drone x2  
  44  3:52  Lair  
  44  3:53  Extractor  
  45  3:57  Drone  
  45  3:58  Evolution Chamber  
  45  3:59  Drone  
  45  4:00  Drone, Extractor  
  45  4:01  Extractor  
  45  4:02  Drone x2  
  47  4:04  Evolution Chamber  
  47  4:06  Drone  
  47  4:07  Drone  
  47  4:08  Drone  
  49  4:11  Drone  
  49  4:14  Drone  
  51  4:33  Queen x2  
  51  4:35  Drone x2  
  51  4:38  Overlord  
  57  4:39  Overlord  
  57  4:50  Zerg Ground Armor Level 1  
  57  4:51  Zerg Melee Weapons Level 1  
  57  4:54  Hydralisk Den  
  57  4:55  Drone  
  57  4:56  Drone x2  
  57  4:58  Drone  
  60  5:03  Drone  
  61  5:19  Drone x2  
  63  5:22  Hatchery, Roach Warren  
  63  5:25  Evolution Chamber  
  60  5:28  Drone  
  60  5:30  Drone, Extractor  
  60  5:32  Extractor  
  60  5:33  Muscular Augments  
  60  5:39  Drone  
  60  5:40  Drone x6  
  60  5:41  Drone  
  68  5:43  Drone  
  68  5:44  Drone  
  68  5:46  Drone  
  68  5:48  Drone  
  72  5:52  Spore Crawler  
  72  5:53  Zerg Missile Weapons Level 1  
  71  6:01  Zergling x2  
  71  6:02  Zergling x2  
  73  6:04  Overlord  
  73  6:05  Overlord  
  73  6:12  Overlord x4  
  73  6:13  Overlord  
  73  6:25  Hydralisk x4  
  73  6:26  Hydralisk  
  82  6:40  Drone  
  82  6:45  Zerg Melee Weapons Level 2  
  82  6:46  Zerg Ground Armor Level 2  
  83  6:47  Lurker Den  
  83  6:49  Hydralisk  
  83  6:50  Hydralisk x2  
  89  7:11  Pneumatized Carapace, Infestation Pit  
  88  7:15  Drone  
  88  7:16  Drone x2  
  88  7:17  Drone, Zergling x2  
  88  7:18  Hydralisk x6  
  88  7:19  Hydralisk  
  107  7:47  Hive  
  107  7:48  Zerg Missile Weapons Level 2  
  107  7:51  Overlord x2  
  107  7:52  Zergling x2  
  107  7:53  Zergling x30  
  107  7:54  Zergling x2  
  124  8:12  Hydralisk  
  124  8:13  Hydralisk x3  
  129  8:35  Hydralisk  
  129  8:36  Hydralisk x2, Roach x3  
  129  8:37  Roach x4, Zergling x6  
  129  8:40  Overlord  
  152  8:41  Overlord  
  152  8:47  Overseer  
  152  8:48  Overseer  
  152  8:57  Hatchery  
  152  8:59  Overlord  
  151  9:06  Adrenal Glands  
  151  9:10  Roach x2, Zergling x4  
  151  9:11  Roach  
  159  9:27  Overlord  
  142  9:44  Roach x4, Zergling x8  
  142  9:45  Roach, Zergling x14  
  134  9:46  Roach x2, Zergling x2  
  121  10:08  Drone  
  121  10:12  Drone x8  
  130  10:31  Extractor  
  130  10:32  Spore Crawler, Zergling x2  
  130  10:33  Extractor, Spine Crawler, Zergling x34  
  130  10:35  Spore Crawler  
  141  10:44  Spine Crawler x2  
Tags
 
Add a new tag
Caveats
  • Supply blocks, unpowered buildings, or Contaminate may cause inaccurate times.
  • Supply counts are checked every 10 seconds.